 Dungeon Crawl Stone Soup version 0.28.0-53-g5a82cb258f (webtiles) character file.

Game seed: 15930557782428360342

9 ILmort the Poker (level 2, 0/23 HPs)
             Began as a Merfolk Gladiator on Aug 6, 2022.
             Slain by a kobold
             ... wielding a +0 whip
              (5 damage)
             ... on level 1 of the Dungeon.
             The game lasted 00:02:26 (357 turns).

ILmort the Poker (Merfolk Gladiator)                 Turns: 357, Time: 00:02:27

Health: 0/23       AC:  4    Str: 14    XL:     2   Next: 16%
Magic:  2/2        EV: 13    Int:  7    God:
Gold:   17         SH:  0    Dex: 15    Spells: 1/1 levels left

rFire   . . .      SeeInvis .   a - +0 trident
rCold   . . .      Faith    .   (no shield)
rNeg    . . .      Spirit   .   b - +0 leather armour
rPois   .          Reflect  .   c - +0 helmet
rElec   .          Harm     .   (no cloak)
rCorr   .          Rampage  .   (no gloves)
Will    .....                   (no boots)
Stlth   +.........              (no amulet)
HPRegen 0.07/turn               (no ring)
MPRegen 0.08/turn               (no ring)

@: no status effects
A: (nimble swimmer 2), mertail
a: no special abilities


You were on level 1 of the Dungeon.
You visited 1 branch of the dungeon, and saw 1 of its levels.

You collected 17 gold pieces.

Inventory:

Hand Weapons
 a - a +0 trident (weapon)
Missiles
 d - 3 throwing nets (quivered)
Armour
 b - a +0 leather armour (worn)
 c - a +0 helmet (worn)
Potions
 e - 3 potions of heal wounds {unknown}
 f - a potion of flight {unknown}
 g - 3 potions of curing {unknown}


   Skills:
 + Level 2.5 Fighting
 + Level 4.7 Polearms
 - Level 2.1 Throwing
 - Level 4.1 Dodging


You had one spell level left.
You didn't know any spells.
Your spell library was empty.

Dungeon Overview and Level Annotations

Branches:
Dungeon (1/15)

Altars:


Innate Abilities, Weirdness & Mutations

((You are very nimble when in or above water. (Stealth+, EV+, Speed+++)))
Your lower body shifts to a powerful aquatic tail in water.


Message History

A ball python comes into view.
Found 16 gold pieces.
Found an escape hatch in the floor.
There is an open door here.
Reach: a) +0 trident
Press: ? - help, Dir - move target, f - you
Okay, then.
The kobold shouts!
Reach: a) +0 trident
Press: ? - help, Dir - move target, f - kobold
Aim: a kobold, wielding a +0 whip and quivering stones (about 47% to evade your +0 trident)
You reach to attack!
You closely miss the kobold.
The goblin hits you with a +1 dagger of holy wrath.
The ball python bites you. The ball python grabs you.
The ball python constricts you.
Unknown command.
There are monsters nearby!
You hit the goblin.
The goblin is severely wounded.
The ball python bites you. The ball python constricts you.
The goblin misses you. The kobold barely misses you.
You closely miss the goblin.
The goblin is severely wounded.
The ball python loses its grip on you. The kobold hits you with a +0 whip.
The goblin hits you but does no damage. The ball python misses you.
The ball python grabs you. The ball python constricts you.
You barely miss the ball python. The ball python closely misses you.
The goblin hits you with a +1 dagger of holy wrath.
The kobold hits you but does no damage. The ball python barely misses you.
The ball python constricts you.
The ball python bites you but does no damage.
You hit the ball python.
You kill the ball python!
The goblin hits you but does no damage. The kobold hits you with a +0 whip.
* * * LOW HITPOINT WARNING * * *
The ball python closely misses you. The ball python barely misses you.
The goblin hits you but does no damage. The kobold closely misses you.
You puncture the ball python!
You kill the ball python!
The goblin completely misses you. The kobold hits you with a +0 whip.
You die...

#............#)..#..
#.....######.##.##..
#.....# #.........
#.....# #..#.#.#..
#.....# ##...###..
#.....######).......
#.............##≈..#
######'####...#...≈≈...
#.....@##...≈...#≈≈##..
#...>.gK#..≈≈....##...#
#.......#.≈≈≈≈........≈
#.$.....#.#≈≈≈≈...#....
#.......#.###≈≈≈.......
#.......#.. #######....
#.......... #....
#.......#.. ##''# ####
#+##....


You could see a goblin and a kobold.

Vanquished Creatures
  A dart slug (D:1)
  2 ball pythons (D:1)
  A bat (D:1)
  An endoplasm (D:1)
  A goblin (D:1)
  A quokka (D:1)
7 creatures vanquished.

Notes
Turn   | Place    | Note
-------+----------+-------------------------------------------
     0 | D:1      | ILmort the Merfolk Gladiator began the quest for the Orb.
     0 | D:1      | Reached XP level 1. HP: 16/16 MP: 1/1
   136 | D:1      | Reached XP level 2. HP: 15/23 MP: 2/2
   357 | D:1      | Slain by a kobold

Illustrated notes

Levels and vault maps discovered:
D:1:      denvon_arrival_waterhouse, layout_basic, minmay_tromino_v4_b

Action                   || total
-------------------------++-------
Melee: Trident           ||    19
Armor: Leather armour    ||     7
Dodge: Dodged            ||    14
